 Dungeon Crawl Stone Soup version 0.25.1-1-g288607f (webtiles) character file.

Game seed: 8274774202138773699

17 MercyWheel the Vexing (level 2, -2/21 HPs)
             Began as a Formicid Arcane Marksman on Dec 12, 2020.
             Slain by an adder (5 damage)
             ... on level 2 of the Dungeon.
             The game lasted 00:01:14 (888 turns).

MercyWheel the Vexing (Formicid Arcane Marksman)     Turns: 888, Time: 00:01:15

Health: -2/21      AC:  2    Str: 14    XL:     2   Next: 80%
Magic:  3/3        EV: 12    Int: 12    God:
Gold:   6          SH:  0    Dex: 11    Spells: 2/3 levels left

rFire    . . .     SeeInvis +   h - +2 whip (freeze)
rCold    . . .     Gourm    .   (no shield)
rNeg     . . .     Faith    .   e - +0 robe
rPois    .         Spirit   .   (helmet unavailable)
rElec    .         Reflect  .   (no cloak)
rCorr    .         Harm     .   (no gloves)
MR       .....                  (no boots)
Stlth    +.........             (no amulet)
HPRegen  0.07/turn              (no ring)
MPRegen  0.08/turn              (no ring)

@: lethally poisoned (-2 -> -7)
A: permanent stasis, dig shafts and tunnels, four strong arms, antennae 3
a: Dig, Shaft Self


You were on level 2 of the Dungeon.
You were not hungry.

You visited 1 branch of the dungeon, and saw 2 of its levels.

You collected 6 gold pieces.

Inventory:

Hand Weapons
 a - a +0 hand crossbow
 h - a +2 whip of freezing (weapon)
Missiles
 d - 34 bolts
Armour
 e - a +0 robe (worn)
Scrolls
 c - a scroll of identify {unknown}
 g - a scroll of remove curse {unknown}
 i - 3 scrolls of fear {unknown}
 l - a scroll of fog {unknown}
Comestibles
 f - 3 rations
 m - 2 chunks of flesh


   Skills:
 - Level 1.1 Fighting
 + Level 3.1 Crossbows
 - Level 1.7 Dodging
 - Level 1.1 Spellcasting
 - Level 3.6 Hexes


You had 2 spell levels left.
You knew the following spells:

 Your Spells              Type           Power        Failure   Level  Hunger
a - Corona                Hex            #......      7%          1    ##.....

Your spell library contained the following spells:

 Spells                   Type           Power        Failure   Level  Hunger
 Slow                     Hex            #.......     11%         2    ###....
 Inner Flame              Hex/Fire       #.......     38%         3    ####...
 Portal Projectile        Hex/Tloc       #.....       38%         3    ####...
 Cause Fear               Hex            #.........   56%         4    #####..
 Leda's Liquefaction      Hex/Erth       #.........   80%         4    #####..


Dungeon Overview and Level Annotations

Branches:
Dungeon (2/15)

Altars:


Innate Abilities, Weirdness & Mutations

You cannot be hasted, slowed, berserked, paralysed or teleported.
You can dig through walls and to a lower floor.
Your four strong arms can wield two-handed weapons with a shield.
You have a pair of large antennae on your head. (SInv)


Message History

A quokka comes into view.
An adder comes into view.
Found 5 gold pieces.
You see here a hobgoblin corpse.
The adder completely misses you.
Found a scroll labeled NAPRES OKONOIC and a club.
You whack the adder! You freeze the adder.
The adder is severely wounded.
The adder barely misses you. The adder bites you.
* * * LOW HITPOINT WARNING * * *
You are lethally poisoned!
The adder poisons you!
It was a potion of berserk rage.
Your stasis prevents you from going berserk.
* * * LOW HITPOINT WARNING * * *
You feel sick. The adder closely misses you.
As you read the scroll labeled QUROLI OPNELA, it crumbles to dust.
Your stasis prevents you from teleporting.
It was a scroll of blinking.
The adder bites you.
You die...

#.#.......# #.#.......#
.# .#
#####.#.......###.# #.#
................ .. .$#
#####.#.......###)#..##
#.#.......# ?#..%#
#.#.......# ....#
#.####.######S..##.#
#......)...†@r......
###############...## .#


You could see an adder and a quokka.

Vanquished Creatures
  A bat (D:2)
  4 hobgoblins (D:2)
  2 jackals (D:1)
  5 kobolds
  2 frilled lizards (D:1)
  2 rats (D:2)
16 creatures vanquished.

Notes
Turn   | Place    | Note
-------+----------+-------------------------------------------
     0 | D:1      | MercyWheel the Formicid Arcane Marksman began the quest for
                  | the Orb.
     0 | D:1      | Reached XP level 1. HP: 15/15 MP: 2/2
   108 | D:1      | Reached XP level 2. HP: 2/21 MP: 3/3
   888 | D:2      | Slain by an adder

Illustrated notes

Levels and vault maps discovered:
D:1:      scummos_arrival_hexagon, layout_loops_ring, minmay_strange_pillars
D:2:      layout_loops_ring, minmay_tall_x, uniq_crazy_yiuf_cottage

Skill      XL: |  1  2 |
---------------+-------+-----
Crossbows      | 3 |  3.1
Fighting       | |  1.1
Dodging        | |  1.7
Spellcasting   | |  1.1
Hexes          | |  3.6

Action                   || total
-------------------------++-------
Melee: Whip              ||    47
 Fire: Hand crossbow     ||    11
  Use: Scroll            ||     2
       Potion            ||     1
Armor: Robe              ||     6
Dodge: Dodged            ||    37
